 Dungeon Crawl Stone Soup version 0.30-a0-168-g0b976cbdc4 (webtiles) character file.

Game seed: 8465316222047545210

38 Pooter the Chopper (level 3, 0/33 HPs)
             Began as a Minotaur Berserker on Sept 29, 2022.
             Was a Follower of Trog.
             Killed from afar by a hellion (21 damage)
             ... with damnation
             ... on level 2 of the Abyss.
             The game lasted 00:03:27 (1272 turns).

Pooter the Chopper (Minotaur Berserker)             Turns: 1272, Time: 00:03:28

Health: 0/33       AC:  3    Str: 23    XL:     3   Next: 25%
Magic:  2/2        EV: 12    Int:  4    God:    Trog [*.....]
Gold:   65         SH:  0    Dex:  9    Spells: 2/2 levels left

rFire   . . .      SeeInvis .    a - +1 hand axe
rCold   . . .      Faith    .    (no shield)
rNeg    . . .      Spirit   .    b - +0 animal skin
rPois   +          Reflect  .    (helmet restricted)
rElec   .          Harm     .    (no cloak)
rCorr   .          Rampage  .    (no gloves)
Will    .....                    d - +0 pair of boots
Stlth   +.........               (no amulet)
HPRegen 0.11/turn                (no ring)
MPRegen 0.08/turn                (no ring)

@: no status effects
A: horns 2, retaliatory headbutt, poison resistance, MP-powered wands
a: Renounce Religion, Berserk


You were on level 2 of the Abyss.
You worshipped Trog.
Trog was aware of your devotion.
You visited 1 branch of the dungeon, and saw 2 of its levels.
You visited the Abyss 1 time.

You collected 65 gold pieces.

Inventory:

Hand Weapons
 a - a +1 hand axe (weapon)
Missiles
 h - a throwing net {!f}
 Q - 13 stones (quivered)
Armour
 b - a +0 animal skin (worn)
 d - a +0 pair of boots (worn)
   (You found it on level 1 of the Dungeon)
Scrolls
 c - a scroll of enchant weapon
 e - a scroll of teleportation {unknown}
 f - a scroll of magic mapping {unknown}
 g - a scroll of fear {unknown}


   Skills:
 + Level 4.2 Fighting
 * Level 4.8 Axes
 - Level 2.4 Armour
 - Level 2.1 Dodging


You had 2 spell levels left.
You didn't know any spells.
Your spell library was empty.

Dungeon Overview and Level Annotations

Branches:
Dungeon (2/15)

Altars:

Annotations:
D:2 Sigmund


Innate Abilities, Weirdness & Mutations

You have a pair of horns on your head.
You reflexively headbutt those who attack you in melee.
Your system is resistant to poisons. (rPois)
You expend magic power (3 MP) to strengthen your wands.


Message History

You kill the hobgoblin!
Trog accepts your kill.
You hit the hobgoblin.
You kill the hobgoblin!
Trog accepts your kill.
No target in view!
Found a leather armour.
You now have 62 gold pieces (gained 10).
You see here a hobgoblin corpse.
You see here a hobgoblin corpse.
h - a throwing net {!f}
Found a scroll of amnesia.
Found a robe.
You now have 65 gold pieces (gained 3).
Found 7 stones.
Q - 13 stones (gained 7)
Found a dark potion.
A giant cockroach comes into view.
You hit the giant cockroach. You punch the giant cockroach.
You kill the giant cockroach!
Trog accepts your kill.
No target in view!
i - a dark potion
Found a scroll labelled DOEC WEEP ZUA.
Found a stone staircase leading up.
Sigmund the Dreaded comes into view.
He is wielding a +4 scythe of distortion.
Sigmund shouts!
A goblin comes into view. It is wielding a +0 dagger.
The goblin hits you with a +0 dagger.
You barely miss the goblin. The goblin hits you but does no damage.
You slash the goblin!
You kill the goblin!
Trog accepts your kill.
You fail to use your ability.
Sigmund hits you from afar with a +4 scythe of distortion!
* * * LOW HITPOINT WARNING * * *
You are cast into the Abyss!
To return, you must find a gate leading back.
Killing monsters will force the Abyss to allow you passage.
This branch contains the abyssal rune of Zot.
You start resting.
A hellion comes into view.
It was a potion of mutation.
You feel extremely strange.
You feel your magical essence link to the dungeon's wands.
You feel resistant to poisons.
The hellion gives a hideous shriek!
The hellion gestures at you.
The sphere of damnation explodes!
The damnation engulfs you!!
Ouch! That really hurt!
You die...

# .## ##
#....
#2.###......
#...@..#
##.###......
# ####.


You could see a hellion.

Vanquished Creatures
  A dart slug (D:1)
  A ball python (D:1)
  3 endoplasms (D:1)
  6 giant cockroaches
  2 goblins
  4 hobgoblins
  4 jackals (D:1)
  2 kobolds (D:1)
  A quokka (D:2)
  2 frilled lizards
  4 rats (D:1)
30 creatures vanquished.

Vanquished Creatures (others)
  4 plants (D:1)
4 creatures vanquished.

Grand Total: 34 creatures vanquished

Notes
Turn   | Place    | Note
-------+----------+-------------------------------------------
     0 | D:1      | Pooter the Minotaur Berserker began the quest for the Orb.
     0 | D:1      | Reached XP level 1. HP: 19/19 MP: 0/0
   169 | D:1      | Reached XP level 2. HP: 17/27 MP: 1/1
   984 | D:1      | Reached XP level 3. HP: 33/33 MP: 2/2
  1222 | D:2      | Noticed Sigmund
  1231 | Abyss:2  | Cast into level 2 of the Abyss (Sigmund)
  1271 | Abyss:2  | Noticed a hellion
  1272 | Abyss:2  | Gained mutation: You expend magic power (3 MP) to
                  | strengthen your wands. [potion of mutation]
  1272 | Abyss:2  | Gained mutation: Your system is resistant to poisons.
                  | (rPois) [potion of mutation]
  1272 | Abyss:2  | Killed from afar by a hellion

Illustrated notes

Levels and vault maps discovered:
D:1:      lemuel_arrival_rhombus, layout_basic, kennysheep_boxes
D:2:      layout_loops_ring, chequers_ecumenical_altar_twisty, uniq_sigmund
Abyss:2:  base:
D:2

Skill      XL: |  1  2 |
---------------+-------+-----
Axes           | 4 |  4.8
Fighting       | 4 |  4.2
Armour         | |  2.4
Dodging        | |  2.1

Action                   || total
-------------------------++-------
Melee: Hand axe          ||    43
       Headbutt          ||     8
       Punch             ||     1
  Use: Scroll            ||     2
       Potion            ||     1
 Stab: Sleeping          ||     1
Armor: Animal skin       ||     9
Dodge: Dodged            ||    21

Table legend: (Time is in decaauts)
 A = Elapsed time spent in this place.
 B = Non-inter-level travel time spent in this place.
 C = Inter-level travel time spent in this place.
 D = Time resting spent in this place.
 E = Time spent auto-exploring this place.
 F = Levels seen in this place.
 G = Mean time per level.
                   A        B        C        D        E       F      G
               +--------+--------+--------+--------+--------+-----+--------+
         Total |   1274 |   1255 |     19 |     40 |   1032 |   3 |  424.7 |
       Dungeon |   1234 |   1215 |     19 |      0 |   1032 |   2 |  617.0 |
         Abyss |     40 |     40 |      0 |     40 |      0 |   1 |   40.0 |
               +--------+--------+--------+--------+--------+-----+--------+

Top non-repeatable levels by time:
     D:1: 1151 daAuts
     D:2: 82 daAuts
 Abyss:2: 40 daAuts
